 Dungeon Crawl Stone Soup version 0.19-a0-1720-gc855d72 (webtiles) character file.

268 Ijustatesigmund the Sneak (level 6, -10/28 HPs)
             Began as a Spriggan Conjurer on Sept 29, 2016.
             Mangled by an ogre
             ... wielding a cursed -2 giant spiked club
              (17 damage)
             ... on level 4 of the Dungeon.
             The game lasted 00:10:04 (3378 turns).

Ijustatesigmund the Sneak (Spriggan Conjurer)       Turns: 3378, Time: 00:10:05

Health: -10/28     AC:  3    Str:  4    XL:     6   Next: 0%
Magic:  7/22       EV: 18    Int: 18    God:
Gold:   124        SH:  0    Dex: 17    Spells: 2 memorised, 9 levels left

rFire  . . .     SeeInvis +     h - +2 dagger (vamp)
rCold  . . .     Gourm    .     a - +0 robe
rNeg   . . .     Faith    .     (shield restricted)
rPois  .         Spirit   .     (helmet restricted)
rElec  .         Dismiss  .     (no cloak)
rCorr  .         Reflect  .     (gloves unavailable)
MR     +....     Harm     .     (boots unavailable)
Stlth  ++++......               (no amulet)
                                (no ring)
                                k - ring of magical power

@: very quick
A: unfitting armour, see invisible, herbivore 3, speed 3, slow metabolism 2
a: no special abilities


You were on level 4 of the Dungeon.
You were not hungry.

You visited 1 branch of the dungeon, and saw 4 of its levels.

You collected 124 gold pieces.

Inventory:

Hand Weapons
 h - a +2 vampiric dagger (weapon)
Missiles
 c - 8 tomahawks (quivered)
Armour
 a - a +0 robe (worn)
 n - an ice dragon hide
Jewellery
 k - a ring of magical power (left hand)
Scrolls
 i - 2 scrolls of teleportation
 l - 3 scrolls of recharging
Potions
 e - 2 potions of mutation
 g - a potion of degeneration {unknown}
 j - a potion of curing {unknown}
 m - 2 potions of heal wounds {unknown}
 p - a potion of agility {unknown}
 q - a potion of brilliance {unknown}
Books
 b - a book of Conjurations

   Spells                             Type                      Level
   a - Magic Dart                     Conjuration                  1
   b - Searing Ray                    Conjuration                  2
   c - Dazzling Spray                 Conjuration/Hexes            3
   d - Fulminant Prism                Conjuration/Hexes            4
   e - Iskenderun's Mystic Blast      Conjuration                  4
   f - Iskenderun's Battlesphere      Conjuration/Charms           5
Comestibles
 d - a slice of pizza
 f - 7 fruits
 o - 2 bread rations


   Skills:
 + Level 0.2 Fighting
 - Level 4.0 Short Blades
 - Level 3.0 Dodging
 - Level 6.1 Stealth
 + Level 4.3 Spellcasting
 - Level 2.9 Conjurations


You had 9 spell levels left.
You knew the following spells:

 Your Spells              Type           Power        Failure   Level  Hunger
a - Magic Dart            Conj           ##..         4%          1    None
b - Dazzling Spray        Conj/Hex       #.....       24%         3    ###....


Dungeon Overview and Level Annotations

Branches:
Dungeon (4/15)
 Temple: D:4-7

Altars:
Hepliaklqana
Nemelex Xobeh
Qazlal
Vehumet


Innate Abilities, Weirdness & Mutations

You are very small and have problems with some larger weapons.
You are too small for most types of armour.
You have supernaturally acute eyesight. (SInv)
You are a herbivore.
You cover ground extremely quickly.
You need consume almost no food.


Message History

Casting: Magic Dart
Confirm with . or Enter, or press ? or * to list all spells.
Aiming: Magic Dart
Press: ? - help, Shift-Dir - straight line, f/p - ogre
Aim: an ogre, wielding a giant spiked club (heavily wounded)
The magic dart hits the ogre.
The ogre is severely wounded.
The ogre hits you with a giant spiked club!!
Ouch! That really hurt!
* * * LOW HITPOINT WARNING * * *
Casting: Magic Dart
Confirm with . or Enter, or press ? or * to list all spells.
Aiming: Magic Dart
Press: ? - help, Shift-Dir - straight line, f/p - ogre
Aim: an ogre, wielding a giant spiked club (severely wounded)
The magic dart hits the ogre.
The ogre is almost dead.
The ogre hits you with a giant spiked club!
Ouch! That really hurt!
You die...

#.....#####.###
#####.##....#
####.##
#.##.##.#
......#
#..#.##.#
......#
#....##†#
......#
##..###.#
......# ##.#
#.########
......# #.#
#.........
......## #..
#@......[.
#......#
#.....O........
#......#
#.#.##.........
.......#
%#..#.........
##.#######
#.........
#.....#..
..........
#####.#.# ###
$.##+#####
######.#.#...
).#
.......#.#.###.


You could see an ogre.

Vanquished Creatures
  A centaur (D:4)
  11 adders
  An ooze (D:2)
  5 dart slugs
  4 leopard geckos
  7 bats
  5 giant cockroaches
  11 goblins
  6 hobgoblins
  4 jackals (D:1)
  6 kobolds
  A ball python (D:3)
  A ball python skeleton (D:4)
  4 frilled lizards
  9 rats
76 creatures vanquished.

Notes
Turn   | Place    | Note
-------+----------+-------------------------------------------
     0 | D:1      | Ijustatesigmund the Spriggan Conjurer began the quest for the Orb.
     0 | D:1      | Reached XP level 1. HP: 9/9 MP: 5/5
   249 | D:1      | Reached XP level 2. HP: 13/13 MP: 4/7
   684 | D:1      | Reached skill level 1 in Short Blades
   792 | D:2      | Reached XP level 3. HP: 15/16 MP: 3/9
  1356 | D:2      | Found a stormy altar of Qazlal.
  1358 | D:2      | Found a sparkling altar of Nemelex Xobeh.
  1443 | D:2      | Reached XP level 4. HP: 21/21 MP: 11/11
  1600 | D:2      | Found a radiant altar of Vehumet.
  1633 | D:2      | Reached skill level 4 in Stealth
  2250 | D:3      | Noticed a centaur
  2544 | D:3      | Found a hazy altar of Hepliaklqana.
  2586 | D:3      | Reached XP level 5. HP: 24/24 MP: 12/12
  2694 | D:3      | Reached skill level 5 in Stealth
  3106 | D:4      | Killed a centaur
  3106 | D:4      | Reached skill level 6 in Stealth
  3182 | D:4      | Learned a level 3 spell: Dazzling Spray
  3248 | D:4      | Found a stormy altar of Qazlal.
  3365 | D:4      | Reached XP level 6. HP: 28/28 MP: 13/13
  3378 | D:4      | Mangled by an ogre

Vault maps used:
D:1:      scummos_arrival_hexagon
D:2:      grunt_temple_overflow_diamond
D:3:      marbit_many_paths
D:4:      first_bread, grunt_qazlal_clouds, uniq_crazy_yiuf_cottage

Skill      XL: |  1  2  3  4  5 |
---------------+----------------+-----
Spellcasting   | 3 4 |  4.3
Short Blades   | 1 2 3 4 |  4.0
Stealth        | 4 6 |  6.1
Fighting       | |  0.2
Dodging        | |  3.0
Conjurations   | |  2.9

Action                   |  1- 3 |  4- 6 || total
-------------------------+-------+-------++-------
Melee: Dagger            |   127 |   101 ||   228
 Cast: Magic Dart        |    42 |    74 ||   116
  Use: Scroll            |     3 |     3 ||     6
       Potion            |       |     1 ||     1
 Stab: Sleeping          |     2 |     3 ||     5
  Eat: Bread ration      |     1 |       ||     1
Armor: Robe              |    22 |    11 ||    33
Dodge: Dodged            |   131 |   101 ||   232
